 Dungeon Crawl Stone Soup version 0.27-a0-242-ge0fc76b88b (webtiles) character file.

Game seed: 7253388157586364847

93 Borgoz the Slasher (level 4, -2/38 HPs)
             Began as a Ghoul Gladiator on Feb 3, 2021.
             Was an Initiate of Ashenzari.
             Killed from afar by Ijyb (7 damage)
             ... with a bolt of acid
             ... on level 3 of the Dungeon.
             The game lasted 00:02:04 (1973 turns).

Borgoz the Slasher (Ghoul Gladiator)                Turns: 1973, Time: 00:02:05

Health: -2/38      AC:  6    Str: 17    XL:     4   Next: 61%
Magic:  3/3        EV: 12    Int:  3    God:    Ashenzari [......]
Gold:   173        SH:  5    Dex: 11    Spells: 3/3 levels left

rFire    . . .     SeeInvis .   a - +0 long sword
rCold    + . .     Faith    .   (no shield)
rNeg     + + +     Spirit   .   b - +0 leather armour
rPois    ∞         Reflect  +   c - +0 helmet
rElec    .         Harm     .   (no cloak)
rCorr    .         Rampage  .   o - +1 pair of gloves
Will     .....                  (no boots)
Stlth    +.........             n - amulet of reflection
HPRegen  0.00/turn              (no ring)
MPRegen  0.08/turn              (no ring)

@: brilliant
A: claws 1, cold resistance 1, negative energy resistance 3, inhibited
regeneration, torment resistance, unbreathing
a: Renounce Religion, Curse Item


You were on level 3 of the Dungeon.
You worshipped Ashenzari.
Ashenzari was noncommittal.
You visited 1 branch of the dungeon, and saw 3 of its levels.

You collected 173 gold pieces.

Inventory:

Hand Weapons
 a - a +0 long sword (weapon)
Missiles
 d - 3 throwing nets (quivered)
Armour
 b - a +0 leather armour (worn)
 c - a +0 helmet (worn)
 o - a +1 pair of gloves (worn)
Jewellery
 n - an amulet of reflection (around neck)
Scrolls
 e - 6 scrolls of teleportation
 g - a scroll of fog
Potions
 f - a potion of resistance
 j - a potion of haste {unknown}
 k - a potion of brilliance
 m - a potion of curing {unknown}


   Skills:
 + Level 3.0 Fighting
 * Level 3.5 Long Blades
 - Level 1.8 Throwing
 + Level 1.4 Armour
 + Level 3.2 Dodging


You had 3 spell levels left.
You didn't know any spells.
Your spell library was empty.

Dungeon Overview and Level Annotations

Branches:
Dungeon (3/15)

Altars:
Ashenzari
The Shining One

Annotations:
D:3 Ijyb


Innate Abilities, Weirdness & Mutations

You thrive by killing the living.
You are immune to poison.
You have sharp fingernails.
Your flesh is cold resistant. (rC+)
You are immune to negative energy. (rN+++)
You do not regenerate when monsters are visible.
You are immune to unholy pain and torment.
You can survive without breathing.


Message History

You closely miss the adder.
The adder is almost dead.
You block the adder's attack. The adder bites you.
You hit the adder.
The adder is almost dead.
The adder bites you.
Ijyb screams, "Die!"
You hit the adder.
You kill the adder!
Ijyb zaps a wand.
The bolt of acid hits you!
You are splashed with acid!
* * * LOW HITPOINT WARNING * * *
Your Fighting skill increases to level 3!
You are too injured to fight recklessly!
Ijyb closely misses you.
You are too injured to fight recklessly!
Unknown command.
It was a potion of brilliance.
You feel clever all of a sudden.
Ijyb zaps a wand.
The bolt of acid hits you!
You die...

#.....##
#......
#.....#
#.....#
#....<#
#.....#
###.###
#.# #@#
#g# #..
##.# ..
... ...
....


You could see Ijyb.

Vanquished Creatures
  4 adders
  An ooze (D:1)
  2 worms (D:2)
  A dart slug (D:1)
  2 leopard geckos (D:1)
  5 bats
  3 giant cockroaches
  7 goblins
  9 hobgoblins
  2 kobolds (D:1)
  2 frilled lizards (D:2)
  4 rats
42 creatures vanquished.

Notes
Turn   | Place    | Note
-------+----------+-------------------------------------------
     0 | D:1      | Borgoz the Ghoul Gladiator began the quest for the Orb.
     0 | D:1      | Reached XP level 1. HP: 17/17 MP: 0/0
    40 | D:1      | Reached XP level 2. HP: 4/25 MP: 1/1
   516 | D:1      | Reached XP level 3. HP: 30/30 MP: 2/2
   672 | D:1      | Reached skill level 1 in Armour
   957 | D:2      | Found a broken altar of Ashenzari.
   965 | D:2      | Became a worshipper of Ashenzari the Shackled
  1069 | D:2      | Found a glowing golden altar of the Shining One.
  1287 | D:2      | Reached XP level 4. HP: 21/37 MP: 3/3
  1958 | D:3      | Noticed Ijyb
  1973 | D:3      | Killed from afar by Ijyb

Illustrated notes

Levels and vault maps discovered:
D:1:      lightli_arrival_noodles, layout_basic, minmay_statues_item,
          grunt_decor_resistance, minmay_nonomino_d4
D:2:      layout_loops_ring, lemuel_crystal_altar, tso_oasis_becter,
          serial_park_tiny_2
D:3:      minmay_evil_eye, layout_rooms, nzn_hepliaklqana_mist_gate,
          kennysheep_small_spiral, okawaru_gym_becter, uniq_ijyb, uniq_natasha

Skill      XL: |  1  2  3  4 |
---------------+-------------+-----
Long Blades    | 3 |  3.5
Dodging        | 3 |  3.2
Armour         | 1 |  1.4
Fighting       | 3 |  3.0
Throwing       | |  1.8

Action                   |  1- 3 |  4- 6 || total
-------------------------+-------+-------++-------
Melee: Long sword        |    89 |    44 ||   133
Throw: Throwing net      |     1 |       ||     1
  Use: Scroll            |     3 |     6 ||     9
       Potion            |       |     1 ||     1
Armor: Leather armour    |    27 |    11 ||    38
Dodge: Dodged            |    67 |    23 ||    90
Block: Other             |       |     5 ||     5
       Rpst.: Long sword |    14 |     6 ||    20

Table legend: (Time is in decaauts)
 A = Elapsed time spent in this place.
 B = Non-inter-level travel time spent in this place.
 C = Inter-level travel time spent in this place.
 D = Time resting spent in this place.
 E = Time spent auto-exploring this place.
 F = Levels seen in this place.
 G = Mean time per level.
                   A        B        C        D        E       F      G
               +--------+--------+--------+--------+--------+-----+--------+
         Total |   2004 |   1974 |     30 |    177 |   1470 |   3 |  668.0 |
       Dungeon |   2004 |   1974 |     30 |    177 |   1470 |   3 |  668.0 |
               +--------+--------+--------+--------+--------+-----+--------+

Top non-repeatable levels by time:
     D:2: 1076 daAuts
     D:1: 907 daAuts
     D:3: 21 daAuts
